Map: Odyssey LE

Players

LiquidTLO (TLO) - Winner!

  • Race: Zerg Zerg
  • League: Grandmaster
  • Spawn Location: 5:00

Bly

  • Race: Zerg Zerg
  • League: Grandmaster
  • Spawn Location: 11:00

Event: HomeStory Cup XVI

VOD

Have the link to the VOD?

Description

Time

  • Played on: Nov. 10, 2017, 8:14 a.m.
  • Length: 20:53

All games in this series

Show
View Real Time Build Order
Export as new Build Order

LiquidTLO Zerg - Winner!

Build Orders: Hatch First, Zergling Baneling 

Get SALT Encoding   

  12  0:01  Drone  
  13  0:12  Overlord  
  13  0:16  Drone  
  14  0:30  Drone  
  14  0:32  Drone  
  14  0:35  Drone  
  17  0:52  Hatchery  
  16  1:05  Spawning Pool  
  16  1:07  Drone  
  16  1:11  Drone  
  17  1:14  Drone  
  18  1:19  Drone  
  19  1:29  Overlord  
  19  1:40  Drone  
  19  1:45  Extractor  
  19  1:52  Queen  
  19  1:53  Zergling x2  
  22  2:02  Zergling x2  
  22  2:03  Queen  
  22  2:04  Zergling x2  
  26  2:12  Drone  
  27  2:17  Drone  
  28  2:23  Drone  
  29  2:30  Hatchery  
  29  2:32  Drone  
  29  2:34  Drone  
  30  2:40  Baneling Nest  
  29  2:45  Drone x2  
  29  2:48  Drone  
  32  2:56  Overlord  
  32  2:58  Drone  
  33  3:01  Drone  
  33  3:02  Zergling x2  
  33  3:04  Zergling x2  
  36  3:09  Overlord  
  36  3:15  Zergling x6  
  36  3:18  Zergling x2  
  40  3:20  Zergling x2  
  40  3:24  Baneling x2  
  40  3:30  Zergling x2  
  40  3:31  Baneling x2  
  40  3:32  Zergling x2  
  42  3:38  Queen  
  42  3:40  Overlord  
  44  3:56  Baneling  
  44  3:57  Queen x2  
  44  4:00  Drone x2  
  44  4:01  Zergling x2  
  49  4:03  Zergling x2  
  49  4:05  Baneling x2  
  49  4:06  Zergling x2  
  49  4:09  Drone  
  52  4:10  Drone  
  52  4:12  Drone  
  52  4:15  Drone  
  55  4:19  Drone  
  55  4:20  Overlord  
  55  4:24  Overlord  
  55  4:26  Baneling x2  
  55  4:29  Extractor  
  51  4:31  Overlord  
  51  4:32  Drone  
  51  4:38  Baneling, Drone x2  
  52  4:44  Drone  
  52  4:45  Drone x3  
  58  4:48  Drone  
  58  4:49  Drone  
  60  4:55  Drone  
  60  4:57  Drone  
  60  5:09  Roach Warren  
  60  5:10  Evolution Chamber, Drone x2  
  60  5:13  Drone x7  
  67  5:17  Zergling x2  
  67  5:18  Zergling x2  
  67  5:19  Baneling x2  
  65  5:23  Zergling x4  
  65  5:24  Baneling, Zergling x2  
  65  5:25  Baneling, Zergling x2  
  69  5:30  Zergling x2  
  69  5:31  Zergling x2  
  69  5:32  Zergling x2  
  72  5:36  Queen  
  72  5:40  Zergling x4  
  72  5:44  Zergling x2  
  72  5:45  Zergling x4  
  72  5:46  Zergling x2  
  76  5:50  Metabolic Boost  
  76  5:53  Roach  
  76  5:55  Baneling  
  78  5:58  Roach  
  78  6:03  Roach  
  70  6:06  Drone x2  
  70  6:07  Drone  
  72  6:11  Drone  
  72  6:12  Drone  
  72  6:13  Drone  
  72  6:15  Roach  
  77  6:19  Roach, Overlord  
  77  6:23  Zergling x2  
  80  6:26  Overlord  
  80  6:35  Roach  
  80  6:36  Overlord, Hatchery  
  80  6:39  Roach  
  81  6:42  Drone  
  81  6:43  Drone  
  81  6:44  Drone x3  
  81  6:45  Roach  
  81  6:46  Zergling x2  
  85  6:48  Drone  
  85  6:49  Drone x2  
  85  6:50  Drone  
  85  6:51  Drone  
  85  6:52  Drone  
  84  6:58  Roach x2  
  84  6:59  Roach  
  84  7:00  Zergling x2  
  84  7:01  Zergling x2  
  92  7:04  Baneling  
  92  7:05  Baneling  
  88  7:11  Extractor x2  
  88  7:12  Extractor, Queen x2  
  88  7:13  Extractor  
  88  7:14  Queen  
  88  7:16  Roach  
  88  7:21  Roach, Evolution Chamber  
  88  7:22  Roach  
  93  7:23  Roach  
  93  7:27  Roach, Drone  
  93  7:28  Drone  
  93  7:29  Drone x2  
  100  7:32  Drone x5  
  105  7:43  Zergling x2  
  105  7:44  Zerg Missile Weapons Level 1  
  105  7:47  Overlord  
  105  7:49  Roach  
  107  7:54  Roach x2  
  107  7:55  Overlord  
  111  8:00  Overlord  
  111  8:01  Overlord x2  
  111  8:05  Zerg Ground Armor Level 1  
  110  8:06  Roach  
  110  8:07  Roach x2  
  110  8:09  Roach  
  110  8:11  Roach, Zergling x2  
  120  8:14  Roach x2  
  120  8:15  Roach  
  120  8:18  Baneling  
  120  8:19  Roach  
  128  8:20  Roach  
  128  8:23  Roach  
  128  8:26  Roach  
  134  8:28  Roach, Overlord  
  134  8:30  Roach x2  
  134  8:32  Roach  
  134  8:33  Roach  
  144  8:37  Roach x2  
  144  8:39  Roach  
  150  8:41  Baneling  
  150  8:43  Overlord  
  150  8:47  Unknown  
  150  8:48  Lair  
  150  8:50  Drone x2  
  150  8:53  Overlord  
  152  8:58  Queen  
  152  8:59  Drone x2  
  152  9:03  Roach  
  152  9:05  Overlord  
  152  9:06  Drone x4  
  152  9:07  Drone x2  
  152  9:09  Pneumatized Carapace  
  159  9:12  Roach  
  159  9:13  Drone x3  
  159  9:14  Roach  
  166  9:23  Overlord  
  166  9:24  Overlord x2  
  166  9:25  Ravager x4  
  166  9:26  Roach  
  166  9:29  Spore Crawler  
  166  9:31  Roach, Spine Crawler  
  170  9:32  Spine Crawler  
  170  9:35  Roach x2  
  175  9:46  Unknown, Glial Reconstitution  
  175  9:48  Zerg Missile Weapons Level 2  
  175  9:51  Roach  
  177  9:54  Roach  
  177  9:55  Roach, Spine Crawler, Drone  
  177  9:56  Spine Crawler, Drone, Extractor  
  177  9:57  Roach  
  177  9:58  Roach  
  184  10:01  Roach  
  186  10:09  Roach x2  
  186  10:10  Roach  
  186  10:11  Roach  
  186  10:12  Roach  
  196  10:20  Roach  
  179  10:22  Roach  
  179  10:23  Roach  
  179  10:24  Roach  
  179  10:25  Roach  
  179  10:26  Roach  
  179  10:27  Roach  
  162  10:31  Roach x2  
  162  10:32  Roach  
  162  10:33  Roach x3  
  144  10:36  Roach  
  144  10:38  Roach  
  144  10:40  Roach  
  144  10:42  Roach  
  135  10:44  Roach  
  135  10:46  Roach x2  
  129  10:50  Roach  
  129  10:51  Roach  
  129  10:52  Roach  
  129  10:53  Queen  
  129  10:55  Roach x2  
  127  10:57  Roach  
  127  10:59  Roach  
  127  11:00  Queen x3, Drone  
  127  11:03  Roach x2  
  141  11:05  Roach  
  141  11:07  Roach  
  141  11:09  Roach  
  141  11:10  Roach  
  149  11:11  Roach  
  149  11:13  Roach  
  149  11:15  Roach  
  149  11:17  Spore Crawler  
  149  11:18  Spore Crawler x2  
  153  11:19  Drone  
  153  11:20  Roach  
  153  11:21  Roach  
  153  11:23  Roach  
  153  11:25  Roach  
  161  11:26  Roach  
  161  11:28  Roach  
  161  11:30  Roach  
  161  11:31  Roach  
  168  11:33  Roach  
  168  11:36  Roach, Queen  
  168  11:37  Roach  
  162  11:41  Roach  
  162  11:43  Roach x2  
  162  11:44  Roach  
  162  11:46  Roach  
  163  11:48  Drone  
  163  11:49  Drone  
  163  11:52  Drone  
  163  11:53  Roach  
  168  11:55  Roach  
  168  11:56  Roach  
  168  11:58  Drone  
  168  12:03  Roach x2  
  168  12:06  Drone, Overseer  
  157  12:11  Roach  
  157  12:13  Roach  
  157  12:14  Ravager  
  157  12:15  Ravager  
  156  12:19  Roach  
  154  12:24  Drone x3  
  154  12:27  Drone  
  154  12:28  Drone x2  
  154  12:29  Ravager  
  160  12:31  Roach  
  160  12:34  Drone x2  
  160  12:35  Ravager  
  163  12:37  Roach  
  163  12:40  Roach  
  163  12:42  Roach  
  169  12:45  Roach  
  169  12:46  Roach  
  169  12:48  Roach  
  169  12:49  Ravager x2  
  177  12:53  Roach  
  177  12:54  Roach  
  177  12:55  Overseer  
  181  13:02  Roach  
  181  13:03  Roach  
  184  13:07  Roach  
  184  13:12  Roach  
  188  13:13  Roach x3  
  188  13:15  Ravager x2  
  196  13:22  Roach x2  
  200  13:30  Zerg Ground Armor Level 2  
  200  13:46  Roach  
  200  13:48  Spore Crawler  
  198  13:49  Roach x2  
  198  13:53  Roach  
  198  13:54  Roach, Hydralisk Den  
  198  13:55  Queen x2  
  200  14:08  Roach  
  182  14:10  Queen  
  182  14:11  Roach  
  182  14:12  Roach  
  182  14:14  Roach x2  
  182  14:15  Roach x2  
  176  14:17  Roach  
  176  14:21  Roach  
  176  14:23  Spore Crawler  
  171  14:24  Roach  
  163  14:32  Muscular Augments, Hydralisk  
  163  14:36  Hydralisk  
  147  14:40  Hydralisk  
  147  14:47  Hydralisk x2  
  149  14:56  Hydralisk x2  
  149  14:57  Hydralisk  
  153  15:01  Hydralisk  
  153  15:03  Hydralisk  
  131  15:10  Spore Crawler  
  131  15:11  Spore Crawler  
  131  15:14  Hydralisk  
  121  15:16  Hydralisk  
  121  15:20  Hydralisk  
  121  15:25  Hydralisk  
  123  15:31  Spore Crawler  
  123  15:32  Hydralisk  
  123  15:33  Spore Crawler  
  117  15:39  Unknown x3, Hydralisk  
  117  15:42  Hydralisk  
  115  15:48  Hydralisk  
  117  15:58  Hydralisk x2  
  117  16:03  Spore Crawler  
  118  16:04  Hydralisk x2  
  118  16:06  Roach  
  118  16:07  Hydralisk  
  126  16:12  Hydralisk  
  126  16:13  Hydralisk  
  128  16:19  Hydralisk  
  128  16:21  Hydralisk  
  128  16:24  Hydralisk  
  116  16:27  Hydralisk  
  116  16:29  Roach  
  116  16:30  Roach  
  120  16:34  Infestation Pit, Unknown x4  
  120  16:35  Drone  
  120  16:36  Drone  
  120  16:39  Hydralisk  
  123  16:47  Hydralisk  
  123  16:48  Hydralisk x2  
  123  16:53  Hydralisk x2  
  129  16:55  Hydralisk  
  129  16:58  Roach  
  129  17:01  Overlord  
  135  17:10  Pathogen Glands  
  135  17:11  Burrow  
  133  17:21  Unknown x4  
  133  17:24  Drone  
  134  17:35  Infestor x2  
  134  17:36  Infestor x2  
  142  17:38  Unknown  
  142  17:39  Roach x2  
  142  17:40  Queen  
  142  17:41  Queen  
  142  17:43  Roach  
  154  17:44  Roach  
  154  17:47  Roach  
  154  17:51  Roach x2  
  160  17:52  Roach  
  160  17:54  Roach  
  160  17:55  Roach  
  160  17:58  Roach, Overlord  
  168  18:00  Roach  
  166  18:07  Unknown  
  166  18:12  Overseer  
  166  18:22  Roach  
  166  18:28  Roach  
  166  18:29  Infestor  
  166  18:33  Infestor  
  161  18:36  Roach  
  158  18:42  Roach x2  
  158  18:43  Roach  
  158  18:45  Roach  
  158  18:47  Roach  
  163  19:06  Roach  
  163  19:09  Infestor  
  164  19:13  Roach  
  168  19:19  Extractor  
  167  19:29  Hatchery  
  167  19:30  Roach  
  168  19:36  Roach x7  
  168  19:43  Roach x2  
  168  19:44  Roach  
  140  19:47  Hydralisk x2  
  140  19:51  Infestor x2  
  144  19:54  Roach x2  
  144  19:57  Roach  
  144  19:59  Roach  
  148  20:00  Drone  
  148  20:01  Roach  
  148  20:03  Roach  
  148  20:06  Roach  
  149  20:09  Roach  
  149  20:15  Unknown x4  
Show
View Real Time Build Order
Export as new Build Order

Bly Zerg 

Build Orders: 3 Hatch before Pool, Zergling Baneling 

Get SALT Encoding   

  12  0:01  Drone  
  13  0:13  Overlord  
  13  0:18  Drone  
  14  0:31  Drone  
  14  0:32  Drone  
  17  0:35  Drone  
  17  0:54  Hatchery  
  16  0:59  Drone x2  
  18  1:06  Extractor  
  17  1:21  Hatchery  
  16  1:34  Spawning Pool  
  16  1:36  Drone  
  16  1:41  Drone  
  16  1:45  Drone  
  18  1:54  Drone  
  18  2:01  Drone  
  20  2:07  Drone  
  21  2:17  Drone  
  21  2:21  Queen  
  24  2:25  Metabolic Boost  
  24  2:34  Queen  
  24  2:36  Zergling x2  
  27  2:38  Zergling x2  
  28  2:46  Baneling Nest  
  28  2:49  Zergling x2  
  28  2:56  Zergling x6  
  31  2:59  Drone x3  
  34  3:09  Overlord  
  34  3:10  Overlord  
  34  3:27  Queen  
  34  3:28  Overlord  
  34  3:31  Drone x4  
  34  3:33  Baneling x4  
  40  3:37  Baneling  
  40  3:40  Zergling x8  
  44  3:43  Drone  
  44  3:46  Baneling  
  46  3:48  Drone  
  46  3:50  Drone  
  46  3:51  Drone  
  47  3:56  Zergling x6  
  47  4:01  Baneling  
  50  4:07  Zergling x6  
  50  4:08  Zergling x4  
  50  4:09  Zergling x2  
  55  4:10  Baneling  
  54  4:27  Zergling x14  
  54  4:29  Baneling x2  
  58  4:35  Spine Crawler  
  58  4:38  Baneling  
  57  4:39  Zergling x2  
  57  4:41  Overlord x2  
  57  4:45  Overlord  
  57  4:48  Overlord  
  54  5:00  Drone x4  
  54  5:01  Drone x2  
  54  5:05  Drone x3  
  61  5:07  Overlord  
  61  5:08  Baneling  
  61  5:09  Baneling x2  
  61  5:10  Baneling  
  61  5:17  Overlord  
  61  5:20  Drone x5  
  65  5:26  Overlord  
  65  5:28  Overlord  
  63  5:45  Baneling x3  
  62  5:51  Extractor, Drone x9  
  62  5:53  Roach Warren  
  62  5:54  Overlord  
  62  5:56  Extractor  
  68  6:03  Hatchery  
  60  6:10  Zergling x4  
  60  6:11  Zergling x10  
  64  6:15  Overlord  
  64  6:17  Extractor  
  64  6:18  Zergling x2  
  64  6:19  Zergling x6  
  64  6:21  Zergling x2  
  68  6:29  Evolution Chamber, Baneling x2  
  68  6:30  Baneling x3  
  68  6:31  Baneling, Zergling x2  
  68  6:32  Zergling x10  
  73  6:38  Zergling x2  
  70  6:40  Baneling x2  
  66  6:51  Drone x5  
  65  6:59  Roach  
  65  7:00  Roach x4  
  73  7:12  Roach x2  
  73  7:13  Roach x2, Lair  
  73  7:15  Queen  
  83  7:18  Extractor  
  83  7:19  Roach x2  
  83  7:20  Roach  
  88  7:24  Roach  
  88  7:25  Overlord  
  90  7:30  Roach x4  
  96  7:42  Roach  
  96  7:43  Roach x4  
  104  7:45  Drone x3  
  104  7:46  Drone x2  
  109  7:54  Zerg Missile Weapons Level 1  
  109  7:55  Overlord  
  109  8:10  Roach x10  
  129  8:14  Overlord  
  129  8:15  Overseer  
  129  8:23  Roach  
  129  8:24  Roach x5  
  141  8:30  Glial Reconstitution  
  141  8:34  Extractor, Baneling x2  
  140  8:40  Roach  
  140  8:41  Roach x2, Overlord  
  146  8:42  Overlord x5  
  146  8:50  Roach x3  
  146  8:55  Overlord  
  152  9:00  Roach x5  
  152  9:01  Roach x3  
  167  9:10  Roach x5  
  177  9:17  Roach x3  
  183  9:26  Roach  
  183  9:27  Roach x3  
  190  9:34  Roach x3  
  190  9:35  Extractor  
  190  9:37  Burrow  
  195  9:45  Roach x2  
  199  9:52  Tunneling Claws  
  199  9:53  Zerg Missile Weapons Level 2  
  185  10:21  Roach x6  
  185  10:22  Roach x4  
  177  10:29  Roach x5  
  177  10:32  Roach  
  177  10:34  Roach  
  161  10:42  Roach  
  151  10:43  Roach x2  
  151  10:47  Roach x2  
  131  10:58  Roach x4  
  139  11:09  Roach x6  
  139  11:10  Roach x4  
  147  11:11  Roach  
  147  11:12  Roach x4, Ravager x4  
  147  11:13  Roach x3, Ravager  
  147  11:14  Roach x3  
  147  11:18  Roach  
  154  11:27  Roach x3  
  154  11:28  Roach  
  154  11:32  Spire  
  153  11:33  Roach x3  
  153  11:35  Roach  
  153  11:36  Roach x2  
  153  11:37  Roach x3  
  153  11:38  Roach x3  
  142  11:42  Roach  
  142  11:43  Roach x6  
  142  11:47  Roach x2  
  141  12:03  Roach x2  
  141  12:04  Roach  
  127  12:21  Hatchery  
  110  12:42  Roach x3  
  110  12:45  Mutalisk, Drone  
  110  12:46  Mutalisk x9  
  131  12:54  Mutalisk, Hatchery  
  131  12:55  Mutalisk x2  
  136  12:59  Zerg Flyer Weapons Level 1  
  136  13:04  Roach x3  
  136  13:10  Overseer  
  136  13:12  Overseer  
  136  13:13  Mutalisk x3  
  142  13:26  Mutalisk  
  142  13:27  Mutalisk x3  
  148  13:36  Mutalisk  
  148  13:37  Mutalisk x2  
  152  13:53  Mutalisk x4  
  160  14:03  Roach  
  160  14:04  Roach x3  
  154  14:10  Roach  
  154  14:11  Roach x2  
  154  14:15  Roach x2  
  134  14:18  Overseer  
  106  14:33  Roach x8, Drone x2  
  101  14:49  Drone x2  
  97  14:55  Drone x16  
  90  15:21  Drone x3  
  91  15:32  Roach x5, Drone  
  86  16:08  Drone x3  
  89  16:12  Drone  
  89  16:15  Drone x17  
  89  16:16  Overseer  
  90  16:31  Hatchery  
  89  16:44  Hatchery  
  88  17:08  Zerg Flyer Weapons Level 2  
  80  18:08  Roach x2  
  80  18:09  Roach, Centrifical Hooks  
  80  18:11  Zergling x2  
  80  18:12  Zergling x18  
  90  18:23  Unknown x4  
  90  18:50  Baneling x16  
  90  18:55  Baneling x3  
  87  18:56  Baneling  
  87  18:57  Zergling x12  
  80  19:06  Roach x2  
Tags
 
Add a new tag
Caveats
  • Supply blocks, unpowered buildings, or Contaminate may cause inaccurate times.
  • Supply counts are checked every 10 seconds.